[Event "FRA-ch 91st"]
[Site "Agen"]
[Date "2016.08.21"]
[Round "9"]
[White "Cornette, Matthieu"]
[Black "Bauer, Christian"]
[Result "1-0"]
[ECO "B03"]
[WhiteElo "2581"]
[BlackElo "2620"]
[Annotator "Besenthal,K/Primel,D"]
[PlyCount "69"]
[EventDate "2016.08.13"]
[EventType "tourn"]
[EventRounds "9"]
[EventCountry "FRA"]
[EventCategory "14"]
[SourceTitle "CBM 174"]
[Source "ChessBase"]
[SourceDate "2016.09.13"]
[SourceVersion "1"]
[SourceVersionDate "2016.09.13"]
[SourceQuality "1"]
[TimeControl "40/5400+30:1800+30"]

1. e4 Nf6 {[%emt 0:00:14] Cherchant des positions
déséquilibrées pour jouer pour le gain.} 2. e5 Nd5 3. d4 d6 4. c4 Nb6 5. exd6 exd6 6. Nc3 Be7 7. Bd3 Nc6 8. Nge2 O-O 9. O-O Bf6 10. b3 (10. Be3 Nb4 11. Ng3 d5 12. c5 Nc4 13.
Bb1 Nc6 14. Qh5 g6 15. Qxd5 Be6 16. Qxd8 Raxd8 17. Be4 Nxd4 18. Bxb7 Nc2 19.
Rac1 N2xe3 20. fxe3 Bg7 21. Nce4 Bxb2 22. Rc2 Be5 23. Re1 h5 24. Ng5 Na3 25.
Rcc1 Bxa2 26. N5e4 Be6 27. Nc3 Rd3 28. Nge4 Rfd8 29. Ba6 R3d7 30. c6 Re7 31.
Nc5 Bf5 32. Kh1 Nc2 33. Re2 Bxc3 34. e4 Nd4 35. Rf2 Bxe4 36. Rxc3 Bxc6 37. h3
Bd5 38. Kh2 Ne6 39. Nd3 c5 {Ganguly,S (2613)-Shimanov,A (2606) St Petersburg
2014 0-1 (73)}) 10... Re8 {[%emt 0:01:49] Es ist eine für die
Aljechin-Verteidigung typische Struktur entstanden: symmetrisch, aber wegen
des Raumvorteils besser für Weiß. Aus schwarzer Sicht keine wirklich gute
Wahl, aber zumindest hat man den Überraschungseffekt auf seiner Seite, wenn
man nur gelegentlich darauf zurückgreift.} 11. Be3 Bg4 12. Qd2 Bh5 $6 {[%emt 0:21:11] Gibt das ohne
Not das Läuferpaar preis; eine kleine Schwächung der Königsstellung gibt es
noch dazu.} ({Dann vielleicht besser gleich} 12... Bxe2) 13. Nf4 Bg6 14. Nxg6 hxg6 15.
Be4 {[%emt 0:02:17] Ein starkes Feld für den Läufer, der hier nicht nur
d6-d5 verhindert, sondern auch kaum angreifbar ist.} Rb8 16.
Rfe1 $146 (16. g4 Nb4 17. Bg2 Na6 18. Rad1 c6 19. g5 Be7 20.
f4 d5 21. c5 Nd7 22. f5 Nf8 23. Rf3 gxf5 24. Rxf5 g6 25. Rf3 Ne6 26. h4 Rf8 27.
Bh3 Nac7 28. Rdf1 b6 29. cxb6 axb6 30. Qf2 c5 31. Rxf7 cxd4 32. Qc2 Rxf7 33.
Qxg6+ Rg7 34. Bxe6+ Nxe6 35. Qxe6+ Kh8 36. Bxd4 Bc5 37. Qh6+ {1-0 (37) Cicak,S
(2530)-Solozhenkin,E (2523) Rethymnon 2003}) 16... Ne7 17. Bg5
$6 $14 {[%emt 0:15:03] Das ist wenig zwingend.} (17. g4 $1 d5 18. Bg2 $16)
17... Nd7 {[%emt 0:02:28] Schwarz möchte nicht gxf6 schlagen müssen, was
seine Königsstellung weiter schwächen würde.} (17... d5 18. Bxf6 gxf6 19.
Bxd5 Nbxd5 20. cxd5 {verliert zunächst einmal einen Bauern; zusätzlich muss
Schwarz die Gefahr für seinen König im Auge behalten.}) (17... Nf5 {kam auch
in Frage.}) 18. h4 {[%emt 0:03:30] Es ist gerade einmal vier Züge her, dass
Schwarz die Schaffung der Angriffsmarke g6 zugelassen hat - schon macht sich
Weiß dies zunutze} c6 19. Re2 Nf8 $2 {
[%emt 0:03:16] Jetzt lässt Schwarz das, was er eigentlich nicht wollte, doch
zu.} (19... Nf5 {kam auch hier in Frage.}) 20. Bxf6 gxf6 21. Rae1 $32 {[%emt 0:00:20][%csl Rb8] Weiß hat bereits die
Vorstufe zur Gewinnstellung erreicht: Alle seine Figuren stehen optimal, die
schwarze Königsstellung ist geschwächt, die schwarzen Figuren stehen
schlecht und es gibt wenig Möglichkeiten, etwas daran zu ändern.} Kg7 22. d5 $1 c5 23. Qf4 Ng8 24. Qg3 Re5 $6 {[%emt 0:
06:51] Les Noirs doivent prendre des risques pour jouer pour le gain} 25. f4 Rh5 26. Bf3 $40 Rh7 27. f5 Nh6 28. fxg6 Nf5 29. Qf4 fxg6 30. h5 $1 Qd7 ({Oder} 30... Nd4 31. Re8 Qxe8 32. Rxe8
Rxe8 33. Qxd6 {drohend Se4.}) 31. g4 Kh8 {[%emt 0:00:34] Der
Springer war wegen Te7+ nicht zu retten.} 32. gxf5 gxf5 33. Rg2 Rd8 34. Qg3 Qf7 $2 {[%emt 0:00:03] Dieser letzte Fehler beendet die Partie
unmittelbar:} 35. Re7 {[%emt 0:00:41] Et le bordelais remporte le titre} 1-0

[Event "Metz op 31th"]
[Site "Metz"]
[Date "2013.04.20"]
[Round "1"]
[White "Migot, Tangi"]
[Black "Degraeve, Jean Marc"]
[Result "1/2-1/2"]
[ECO "B03"]
[WhiteElo "2311"]
[BlackElo "2567"]
[Annotator "Metz Alekhine/Primel,D"]
[PlyCount "91"]
[EventDate "2013.04.20"]
[EventType "swiss"]
[EventRounds "9"]
[EventCountry "FRA"]
[SourceTitle "EXT 2016"]
[Source "ChessBase"]
[SourceDate "2015.10.08"]
[SourceVersion "1"]
[SourceVersionDate "2015.10.08"]
[SourceQuality "1"]
[TimeControl "40/5400:1800+30"]
[WhiteClock "1:30:00"]
[BlackClock "1:30:00"]

1. e4 Nf6 2. e5 Nd5 3. d4 d6 4. c4 Nb6 5. exd6 exd6 (5... cxd6 $144 6. Nc3) 6.
Nc3 Be7 7. Bd3 Nc6 8. Nge2 (8. Be3 O-O) (8. Nf3 Bg4) 8... O-O 9. O-O Re8 10. b3
{76} (10. Be3) 10... Bg5 $5 {93 Le GMI avait tout joué à tempo contrairement
à son adversaire.} (10... Bg4) 11. d5 Nb4 12. a3 Nxd3 13. Qxd3 Bxc1 $146 {
Les Blancs ont un avantage d'espace et les échanges soulagent un peu la
défense du GMI. L'inconvénient est le fait que le Bc1 n'avait pas encore
été développé et la manoeuvre prend donc du temps pour le GMI mais il
tente d'améliorer une de ses parties anciennes} (13... Bd7 $143 14. Bb2 $14 ) (13... Nd7 14. Bxg5 Qxg5 15. f4 Nc5 16. Qf3 Qg6 17. b4 Bg4 18. f5
Qh5 19. Qg3 Bxe2 20. Nxe2 Rxe2 21. bxc5 dxc5 22. Qxc7 Qg4 23. Qg3 Qxg3 24. hxg3
Rae8 25. Rad1 Rc2 26. Rfe1 Kf8 27. Rxe8+ Kxe8 28. Re1+ Kd7 29. Re4 Rc3 30. Rg4
Ke7 31. Rxg7 Rxc4 32. Rg8 Rd4 33. Rb8 Rxd5 34. Rxb7+ Rd7 35. Rb5 Rc7 36. Kf2
Kf6 37. g4 Kg5 38. Kg3 c4 39. Rb2 c3 40. Rc2 Rc4 41. Kf3 h6 42. g3 Rc7 43. a4 {
Moingt,J (2290)-Degraeve,J (2569) St Chely d'Aubrac 2010 0-1}) 14. Raxc1 Nd7 (14... a5 $6 15. Nb5 $1 ) 15. Ng3 Ne5 16. Qd2 Bd7
17. f4 Ng4 18. h3 Nf6 (18... Ne3 19. Rfe1 Nf5) 19. Qd4 Qe7 20. Kf2
{30} (20. Rfe1 Qxe1+ 21. Rxe1 Rxe1+ 22. Kf2 Rae8 (22... Re7)) 20... b6 {
78 Le GMI continue de jouer très vite} 21. Rfe1 Qf8 22. Rxe8 Rxe8 23. Re1 Rxe1
24. Kxe1 c5 25. Qe3 a6 26. a4 h6 27. Nge2 Ne8 28. g4 Nc7 29. f5 Qd8 30. Ne4 Ne8 31. Qf4 (31. N2c3 $5 {[%csl Gb5] Aurait évité la
poussée libératrice b5} Qh4+ 32. Qg3 $14) 31... Qh4+ 32. Qg3 Qe7 33. Qf4 b5
34. axb5 axb5 35. Kf2 bxc4 36. bxc4 Ba4 37. f6 $1 Nxf6
38. Nxf6+ (38. Nxd6 $2 Qxd6 $1 ) 38... Qxf6 39. Qxf6
gxf6 40. Ng3 Bb3 41. Nf5 Bxc4 42. Nxh6+ Kf8 43. Nf5 Bxd5 44. Nxd6
Kg7 45. Ke3 $11 Kg6 46. h4 1/2-1/2

[Event "Rohde op 12th"]
[Site "Sautron"]
[Date "2012.10.31"]
[Round "6"]
[White "Riff, Jean Noel"]
[Black "Sergeev, Vladimir"]
[Result "1-0"]
[ECO "B03"]
[WhiteElo "2473"]
[BlackElo "2475"]
[Annotator "RR"]
[PlyCount "85"]
[EventDate "2012.10.27"]
[EventType "swiss"]
[EventRounds "9"]
[EventCountry "FRA"]
[SourceTitle "EXT 2014"]
[Source "ChessBase"]
[SourceDate "2013.11.20"]
[SourceVersion "1"]
[SourceVersionDate "2013.11.20"]
[SourceQuality "1"]
[TimeControl "40/5400+30:1800+30"]
[WhiteClock "1:30:00"]
[BlackClock "1:30:00"]

1. e4 Nf6 2. e5 Nd5 3. d4 d6 4. c4 (4. Nf3) 4... Nb6 5. f4 g6 6. Nc3 Bg7 7. Be3 Be6 8. Nf3 (8. b3 O-O 9. Nf3 c5 10. dxc5 N6d7 11.
Rc1 dxe5 {1/2-1/2 Fedorov,A (2620)-Sergeev,V (2430)/Warsaw 2004/CBM 103 ext}) (
8. d5 Bc8 9. Nf3 c6 10. Be2 O-O 11. O-O Bg4 12. Qd2 Bxf3 13. Rxf3 cxd5 14. cxd5
dxe5 15. fxe5 Bxe5 16. Bh6 N8d7 17. Bxf8 Qxf8 18. Ne4 Qg7 19. Raf1 Nf6 20.
Nxf6+ exf6 21. d6 Rd8 22. Rd3 Nc4 {Petr,M (2416)-Sergeev,V (2455)/Usti nad
Orlici 2006/CBM 112 ext/1/2-1/2}) 8... O-O 9. Qb3 (9. b3 {La grande ligne} c5 $1 10. dxc5 N6d7 )
9... Na6 $146 (9... a5 10. Ng5 Bf5 11. c5 a4 12.
Qd1 dxc5 13. dxc5 Qxd1+ 14. Rxd1 Nc8 15. Bc4 Nc6 16. O-O h6 17. Nf3 a3 18. b3
N8a7 19. Rd2 Nb4 20. Nd4 Bc8 21. h3 b6 22. Rfd1 g5 23. fxg5 Bxe5 24. cxb6 {
Simon,O (2338)-Degraeve,J (2573)/Lille 2011/CBM 142 Extra/1-0 (33)}) 10. Ng5 (10. Rc1 c5 11. d5 Bg4 12. Be2 Bxf3 13. Bxf3 dxe5 14. fxe5 Bxe5
15. O-O $44) 10... c5 $1 11. dxc5 (11. d5) (
11. Nxe6 fxe6 12. dxc5 Nxc5 $132) 11... Nxc5 12. Bxc5 $1 dxc5 13. Rd1 $36 Qc8 14. Nd5 $1 Bxd5 15. cxd5 Qf5 $6 (15... c4 $142 $5 16. Qf3 (16. Qc2 Qc5 ) 16... Qc5 (16... h6 17. Ne4) 17. Be2 (17. Ne4 $13 Qa5+) 17... Qb4+) 16. g3 $1 c4 17. Qc3 Qc8 {[%emt 0:23:19] Laisse un temps de répit aux
Blancs pour terminer le développement alors que Na4 gardait l'initiaitve mais
conduisait а des positions peu claires.} (17... Na4 $5 18. Qb4 Qc2 $13 19. Rd2
Qc1+) 18. Qb4 (18. Bh3 $1 {Terminer le développement en
gagnant un tempo paraissait plus simple} Qc5 (18... Qc7 19. O-O Rfd8 20. Qf3 ) 19. Ne4 $36 ) 18... Rd8 19. Qxe7 Rd7 20. Qb4 Nxd5 $6 (20... Qd8 $1 21. d6 Bxe5 $1 22. Nxf7 Rxf7 23. fxe5 Qg5 $15 ) 21. Qxc4 Qd8 $2 {[%emt 0:02:
20] Trop tard!} (21... Nb6 22. Qxc8+ Rxc8 23. Bh3 Rxd1+ 24. Kxd1 Rc7) 22. Nxf7
$1 Kxf7 23. e6+ $1 {[%emt 0:02:39] La pointe!
} Kxe6 24. Bh3+ Kf6 25. Bxd7 Qe7+ 26. Kf2 $18 Nb6 27. Qb5 Kf7 28. Rhe1 Qf6 29. Be6+ Kf8 30. Qc5+ Qe7 31. Qxe7+ Kxe7 32. Bc8+ Kf7 33. Bxb7 Rb8 34. Bd5+ Nxd5 35. Rxd5 Bxb2 36. Rd7+ Kg8 37. Kf3 a5 38. Ra7 Bd4 39. Rd7 Bg7 40. Re2 Bf8 41. Ra7 Bb4 42. Rc2 Rd8 43. Ke4 1-0